 Dungeon Crawl Stone Soup version 0.31-a0-986-g5e6e4ef867 (webtiles) character file.

Game seed: 8489157387147110066

35047 garrulousMonolith the Basher (level 13, -6/84 HPs)
             Began as a Gargoyle Fighter on Nov 8, 2023.
             Was the Champion of Okawaru.
             Mangled by a death yak (13 damage)
             ... on level 4 of the Lair of Beasts.
             The game lasted 00:20:19 (15256 turns).

garrulousMonolith the Basher (Gargoyle Fighter)    Turns: 15256, Time: 00:20:19

Health: -6/84      AC: 28    Str: 20    XL:     13   Next: 81%
Magic:  18/20      EV: 10    Int: 16    God:    Okawaru [******]
Gold:   693        SH: 20    Dex: 17    Spells: 12/12 levels left

rFire   + + .        T - +8 eveningstar "Ceke" {vamp, rC+ Will++}
rCold   + + .        o - +0 tower shield
rNeg    + + .        b - +1 chain mail {rF+}
rPois   ∞            l - +0 helmet
rElec   +            (no cloak)
rCorr   .            U - +1 pair of gloves of the Lumpy Souls {+Blink Fly}
SInv    .            (no boots)
Will    ++...        J - amulet "Tyliar Zumo" {Faith rF+ rN+ Int+4}
Stlth   x              - ring of protection from cold
HPRegen 0.34/turn    D - +6 ring of dexterity
MPRegen 0.17/turn

%: faith
@: heroic, flying, studying Fire Magic
A: sickness immunity, AC +9, negative energy resistance 1, electricity
resistance, torment resistance 1, petrification resistance
a: Renounce Religion, Evoke Blink, Heroism, Finesse, Duel


You were on level 4 of the Lair of Beasts.
You worshipped Okawaru.
Okawaru was exalted by your worship.
You visited 3 branches of the dungeon, and saw 16 of its levels.

You collected 693 gold pieces.

Inventory:

Hand Weapons
 s - a +0 dagger of venom
 u - a +5 whip
 w - a +5 flail
 T - the +8 eveningstar "Ceke" (weapon) {vamp, rC+ Will++}
   (Okawaru gifted it to you on level 9 of the Dungeon)

   rC+:       It protects you from cold.
   Will++:    It greatly increases your willpower.
Missiles
 g - 21 poisoned darts
 h - a throwing net (quivered)
 E - 2 curare-tipped darts
 P - 11 boomerangs
 V - 7 silver javelins
Armour
 b - a +1 chain mail of fire resistance (worn)
 l - a +0 helmet (worn)
 o - a +0 tower shield (worn)
 t - a +0 chain mail
 M - a +0 plate armour
 U - the +1 pair of gloves of the Lumpy Souls (worn) {+Blink Fly}
   (Okawaru gifted it to you on level 9 of the Dungeon)

   Fly:       It grants you flight.
   +Blink:    It lets you blink.
 X - a +2 pair of gloves of hurling
Jewellery
 c - an amulet of magic regeneration
 e - a +5 ring of evasion
 x - a ring of protection from cold (left hand)
 D - a +6 ring of dexterity (right hand)
 J - the amulet "Tyliar Zumo" (around neck) {Faith rF+ rN+ Int+4}
   (You found it on level 7 of the Dungeon)

   [amulet of faith]

   Faith:     It allows you to gain divine favour quickly.
   Int+4:     It affects your intelligence (+4).
   rF+:       It protects you from fire.
   rN+:       It protects you from negative energy.
Wands
 n - a wand of iceblast (9)
 r - a wand of charming (10)
 C - a wand of mindburst (24)
 L - a wand of flame (5)
 N - a wand of digging (4)
 W - a wand of quicksilver (3)
Scrolls
 a - 2 scrolls of blinking
 f - 2 scrolls of enchant armour
 i - 3 scrolls of amnesia
 q - 4 scrolls of noise
 y - 2 scrolls of fog
 G - a scroll of torment
 H - 2 scrolls of fear
 I - 3 scrolls of revelation
 K - 3 scrolls of teleportation
 S - a scroll of poison
Potions
 d - a potion of magic
 j - 2 potions of enlightenment
 k - 3 potions of curing
 m - 5 potions of attraction
 p - 3 potions of resistance
 v - a potion of haste
 z - 4 potions of brilliance
 A - 2 potions of lignification
 B - 6 potions of invisibility
 F - a potion of degeneration {unknown}
 O - 3 potions of heal wounds {unknown}
 Q - a potion of berserk rage {unknown}
 R - a potion of ambrosia {unknown}


   Skills:
 + Level 11.2(16.2) Fighting
 * Level 13.9(18.9) Maces & Flails
 + Level 11.2(16.2) Armour
 + Level 10.9(15.9) Shields
 + Level 10.2 Invocations


You had 12 spell levels left.
You didn't know any spells.
Your spell library contained the following spells:

 Spells                   Type           Power      Damage    Failure   Level
 Apportation              Tloc           0%         N/A       95%         1
 Blink                    Tloc           0%         N/A       99%         2
 Jinxbite                 Hex            0%         N/A       99%         2
 Lesser Beckoning         Tloc           0%         N/A       99%         2
 Momentum Strike          Conj/Tloc      0%         3d8       99%         2
 Gell's Gravitas          Tloc           0%         N/A       100%        3
 Ignite Poison            Fire/Tmut/Pois 0%         N/A       100%        3
 Sigil of Binding         Hex            0%         N/A       100%        3
 Teleport Other           Tloc           0%         N/A       100%        3
 Dimensional Bullseye     Hex/Tloc       0%         N/A       100%        4
 Leda's Liquefaction      Hex/Erth       0%         N/A       100%        4
 Petrify                  Tmut/Erth      0%         N/A       100%        4
 Sticky Flame             Conj/Fire      0%         2d3       100%        4
 Alistair's Intoxication  Tmut/Pois      0%         N/A       100%        5
 Freezing Cloud           Conj/Ice/Air   0%         6-21      100%        5
 Irradiate                Conj/Tmut      0%         3d11      100%        5
 Dispersal                Tloc           0%         N/A       100%        6
 Ignition                 Fire           0%         3d3       100%        8
 Summon Small Mammal      Summ           Unusable   N/A       N/A         1
 Cigotuvi's Dreadful Rot  Necr/Pois/Air  Unusable   N/A       N/A         2
 Sublimation of Blood     Necr           Unusable   N/A       N/A         2
 Call Canine Familiar     Summ           Unusable   N/A       N/A         3
 Summon Guardian Golem    Hex/Summ       Unusable   N/A       N/A         3

Dungeon Overview and Level Annotations

Branches:
Dungeon (10/15)            Temple (1/1) D:4            Lair (5/5) D:9
  Swamp (0/4) Lair:2       Spider (0/4) Lair:3        Slime (0/5) Lair:4
    Orc: D:9-12

Altars:
Ashenzari
Cheibriados
Dithmenos
Elyvilon
Fedhas
Gozag
Hepliaklqana
Kikubaaqudgha
Makhleb
Nemelex Xobeh
Okawaru
Qazlal
Ru
Sif Muna
Trog
Uskayaw
Vehumet
Wu Jian
Xom
Yredelemnul
Zin
The Shining One

Shops:
D:4 *


Innate Abilities, Weirdness & Mutations

You are immune to sickness and miasma.
Your stone body is resilient. (AC +9)
You are immune to poison.
You resist negative energy. (rN+)
You are resistant to electric shocks. (rElec)
You are resistant to unholy torment.
You are immune to petrification.


Message History

The death yak is lightly wounded.
The death yak gores you. x2; The death yak gores you!
An elephant comes into view.
You block the death yak's attack.
You are too injured to fight recklessly!
You are too injured to fight recklessly!
The death yak gores you but does no damage.
The death yak attacks as it pursues you!
You block the death yak's attack.
The death yak attacks as it pursues you!
The death yak gores you. x2; You block the death yak's attack.
The elephant trumpets!
The death yak gores you!
You feel yourself speed up. The death yak gores you.
The death yak attacks as it pursues you!
The death yak gores you!
The death yak attacks as it pursues you!
The death yak gores you.
* * * LOW HITPOINT WARNING * * *
Blink to where?
Press: ? - help, Dir - move target
As you read the scroll of blinking, it crumbles to dust.
The cane toad attacks as it pursues you!
You block the cane toad's attack.
The cane toad attacks as it pursues you!
You block the cane toad's attack.
There is a stone staircase leading up here.
The cane toad stings you!
* * * LOW HITPOINT WARNING * * *
The death yak barely misses you.
You fly upwards.
There is a stone staircase leading down here.
You feel better. You block the cane toad's attack.
You block the death yak's attack.
You gain the combat prowess of a mighty hero.
The cane toad stings you!
* * * LOW HITPOINT WARNING * * *
The death yak gores you!
You die...

.#.#.#.###......P..#P.P..##...###
........###..............###..#
P..##...##.#..............##..###
....#.#.###..##...#....#...#P....
.............#.[....#......###..#
...............##..#.#...<.......
.##....#P.(....##...#.#......)..#
.....#..........#..............##
...............F@.............###
..#....P........Y.......####....#
.(................#....P# ##....
..........###..........## #...#
##........##...........## ##...
##......P###..##........#######..
.....##.###.###....##.#.#.#.# #.#
...###### ### ##P.#.........###..
..## ##......##P......#


You could see a death yak and a cane toad.

Vanquished Creatures
  Gastronok (Lair:3)
  Kirke (Lair:3)
  Nessos (Lair:3)
  A hydra (Lair:4)
  2 boulder beetles
  A two-headed ogre (D:10)
  2 catoblepae (Lair:1)
  2 skysharks
  5 black mambas
  An elephant (D:9)
  4 cane toads
  Jeremiah (D:8)
  7 rime drakes
  8 komodo dragons
  3 trolls
  Grinder (D:4)
  A polar bear (Lair:3)
  19 blink frogs
  Sigmund (D:2)
  A shadow (D:10)
  A culicivora (Lair:3)
  5 wyverns
  Eustachio (D:4)
  32 yaks
  2 hogs (Lair:3)
  A vampire (D:10)
  4 basilisks
  4 humans (Lair:3)
  A redback (Lair:3)
  3 vampire mosquitoes (D:10)
  2 steam dragons (D:8)
  11 water moccasins
  6 black bears
  Duvessa (D:6)
  4 ice beasts
  A sky beast (D:7)
  33 wolves
  3 centaurs
  A phantom (D:5)
  2 kobold brigands
  10 bullfrogs
  3 scorpions
  5 wights
  Dowan (D:6)
  11 killer bees
  6 howler monkeys
  5 electric eels
  7 jellies
  3 orc priests
  2 hounds
  3 gnoll boudas
  An iguana (D:5)
  A sleepcap (D:8)
  Ijyb (D:3)
  Natasha (thrice) (D:3)
  3 orc wizards
  Robin (D:2)
  14 gnolls
  7 adders
  2 shadow imps (D:7)
  2 white imps (D:8)
  A dart slug (D:5)
  20 orcs
  6 ball pythons
  12 endoplasms
  4 giant cockroaches
  15 goblins
  8 hobgoblins
  7 jackals
  A quokka (D:4)
  3 bats
  6 frilled lizards
  24 kobolds
  3 rats
382 creatures vanquished.

Notes
Turn   | Place    | Note
-------+----------+-------------------------------------------
     0 | D:1      | garrulousMonolith the Gargoyle Fighter began the quest for
                  | the Orb.
     0 | D:1      | Reached XP level 1. HP: 14/14 MP: 1/1
   132 | D:1      | Reached XP level 2. HP: 19/19 MP: 2/2
   461 | D:1      | Reached XP level 3. HP: 20/23 MP: 3/3
   767 | D:2      | Found a hazy altar of Hepliaklqana.
   782 | D:2      | Noticed Sigmund
   792 | D:2      | Killed Sigmund
   793 | D:2      | Reached skill level 3 in Maces & Flails
   793 | D:2      | Reached skill level 1 in Invocations
   793 | D:2      | Reached XP level 4. HP: 17/29 MP: 3/5
   793 | D:2      | Reached XP level 5. HP: 19/33 MP: 3/6
  1360 | D:2      | Noticed Robin
  1414 | D:2      | Killed Robin
  1415 | D:2      | Reached XP level 6. HP: 37/38 MP: 7/7
  1679 | D:3      | Reached skill level 4 in Maces & Flails
  1713 | D:3      | Noticed Natasha
  1721 | D:3      | Killed Natasha
  1730 | D:3      | Noticed Natasha
  1741 | D:3      | Killed Natasha
  1992 | D:3      | Noticed Ijyb
  2021 | D:3      | Killed Ijyb
  2233 | D:3      | Noticed Natasha
  2238 | D:3      | Killed Natasha
  2778 | D:4      | Noticed an ice beast
  2797 | D:4      | Killed an ice beast
  2798 | D:4      | Reached XP level 7. HP: 23/44 MP: 7/9
  2879 | D:4      | Found a staircase to the Ecumenical Temple.
  2891 | Temple   | Entered the Ecumenical Temple
  2916 | Temple   | Became a worshipper of Warmaster Okawaru
  3065 | D:4      | Noticed Eustachio
  3321 | D:4      | Killed Eustachio
  3322 | D:4      | Reached skill level 5 in Fighting
  3322 | D:4      | Reached skill level 5 in Maces & Flails
  3425 | D:4      | Found Pinn's Fire Supplies.
  3648 | D:4      | Reached skill level 5 in Armour
  3819 | D:5      | Entered Level 5 of the Dungeon
  3859 | D:5      | Reached skill level 5 in Shields
  3859 | D:5      | Reached XP level 8. HP: 45/49 MP: 10/10
  3873 | D:5      | Noticed Grinder
  3956 | D:4      | Paralysed by Grinder for 4 turns
  3960 | D:4      | Killed Grinder
  3960 | D:4      | Reached * piety under Okawaru
  4104 | D:5      | Reached skill level 6 in Maces & Flails
  4481 | D:5      | Found a glowing golden altar of the Shining One.
  4482 | D:5      | Found a snail-covered altar of Cheibriados.
  4483 | D:5      | Found a stormy altar of Qazlal.
  4652 | D:5      | Found a shadowy altar of Dithmenos.
  5236 | D:6      | Reached XP level 9. HP: 43/55 MP: 12/12
  5350 | D:6      | Noticed a troll
  5364 | D:6      | Noticed Duvessa
  5364 | D:6      | Noticed Dowan
  5559 | D:6      | Killed Duvessa
  5559 | D:6      | Reached ** piety under Okawaru
  5560 | D:6      | Reached skill level 7 in Maces & Flails
  5574 | D:6      | Killed Dowan
  5635 | D:6      | Killed a troll
  5636 | D:6      | Reached skill level 5 in Invocations
  6301 | D:7      | Found a blossoming altar of Fedhas.
  6526 | D:7      | Found a broken altar of Ashenzari.
  6816 | D:7      | Reached *** piety under Okawaru
  6852 | D:7      | Found a sacrificial altar of Ru.
  6870 | D:7      | Identified the amulet "Tyliar Zumo" {Faith rF+ rN+ Int+4}
  6953 | D:7      | Found an opulent altar of Gozag.
  7121 | D:8      | Reached skill level 8 in Maces & Flails
  7324 | D:8      | Noticed Jeremiah
  7553 | D:8      | Killed Jeremiah
  7554 | D:8      | Reached XP level 10. HP: 43/63 MP: 14/14
  8042 | D:8      | Reached **** piety under Okawaru
  8365 | D:9      | Noticed an elephant
  8385 | D:9      | Killed an elephant
  8386 | D:9      | Reached skill level 9 in Maces & Flails
  8627 | D:9      | Found a staircase to the Lair.
  8937 | D:9      | Reached ***** piety under Okawaru
  9136 | D:9      | Found a glowing silver altar of Zin.
  9136 | D:9      | Noticed an angel
  9257 | D:9      | Received a gift from Okawaru
  9415 | D:10     | Entered Level 10 of the Dungeon
  9481 | D:10     | Reached XP level 11. HP: 61/68 MP: 16/16
  9492 | D:10     | Reached skill level 10 in Maces & Flails
  9780 | D:10     | Noticed a two-headed ogre
  9794 | D:10     | Killed a two-headed ogre
 10439 | Lair:1   | Entered Level 1 of the Lair of Beasts
 10442 | Lair:1   | Reached ****** piety under Okawaru
 10471 | Lair:1   | Received a gift from Okawaru
 10616 | D:9      | Acquired the +8 eveningstar "Ceke" {vamp, rC+ Will++}
 10616 | D:9      | Received a gift from Okawaru
 10621 | D:9      | Acquired the +1 pair of gloves of the Lumpy Souls {+Blink
                  | Fly}
 10621 | D:9      | Received a gift from Okawaru
 10763 | Lair:1   | Noticed a skyshark
 10773 | Lair:1   | Killed a skyshark
 10782 | Lair:1   | Received a gift from Okawaru
 10783 | Lair:1   | Reached skill level 11 in Maces & Flails
 10849 | Lair:1   | Found a runed translucent door.
 10871 | Lair:1   | Noticed a catoblepas
 10871 | Lair:1   | Noticed a catoblepas
 11005 | Lair:1   | Reached XP level 12. HP: 69/76 MP: 18/18
 11008 | Lair:1   | Noticed a boulder beetle
 11051 | Lair:1   | Killed a boulder beetle
 11398 | Lair:1   | Received a gift from Okawaru
 11875 | Lair:1   | Killed a catoblepas
 11876 | Lair:1   | Reached skill level 12 in Maces & Flails
 11937 | Lair:1   | Killed a catoblepas
 11937 | Lair:1   | Received a gift from Okawaru
 12245 | Lair:2   | Reached skill level 10 in Fighting
 12245 | Lair:2   | Reached skill level 10 in Armour
 12310 | Lair:2   | Found a staircase to the Swamp.
 12507 | Lair:2   | Received a gift from Okawaru
 12758 | Lair:2   | Noticed a boulder beetle
 12782 | Lair:2   | Reached skill level 10 in Shields
 12806 | Lair:2   | Killed a boulder beetle
 12996 | Lair:2   | Reached XP level 13. HP: 83/83 MP: 20/20
 13215 | Lair:3   | Noticed Gastronok
 13228 | Lair:3   | Killed Gastronok
 13228 | Lair:3   | Received a gift from Okawaru
 13340 | Lair:3   | Reached skill level 13 in Maces & Flails
 13520 | Lair:3   | Noticed Nessos
 13521 | Lair:3   | Noticed Kirke
 13528 | Lair:3   | Noticed a sphinx
 13534 | Lair:3   | Noticed a sphinx
 13537 | Lair:3   | Killed Kirke
 13537 | Lair:3   | Received a gift from Okawaru
 13541 | Lair:3   | Killed Nessos
 13697 | Lair:3   | Found a hole to the Spider Nest.
 14152 | Lair:4   | Found a staircase to the Slime Pits.
 14178 | Lair:4   | Reached skill level 10 in Invocations
 14239 | Lair:4   | Received a gift from Okawaru
 15145 | Lair:5   | Entered Level 5 of the Lair of Beasts
 15256 | Lair:4   | Mangled by a death yak

Illustrated notes

Levels and vault maps discovered:
D:1:      spicycebolla_arrival_clurvy, layout_basic
D:2:      layout_rooms, basic_altar, nicolae_titane, uniq_robin, uniq_sigmund
D:3:      layout_loops_ring, uniq_ijyb, uniq_crazy_yiuf_cottage, uniq_natasha
D:4:      layout_basic, minmay_temple_entry_grid, nicolae_shop_fire_sale
          [nicolae_sub_dead_trees], nicolae_figureground_pulse, uniq_eustachio
D:5:      layout_basic, chequers_temple_overflow_statue_of_worship,
          grunt_dithmenos_smoke_and_mirrors, amethyst_killhole,
          kennysheep_generic_room_13, uniq_grinder
D:6:      cheibrodos_thug_alley, layout_gridville, uniq_duvessa
D:7:      layout_loops_ring, lemuel_crystal_altar, lemuel_doored_altar,
          old_standard_altar, amcnicky_altar_gilded
D:8:      layout_loops_ring, minmay_strange_pillars, uniq_jeremiah
D:9:      layout_cave_pools, zin_angel, david_lair_generic, serial_column_ruins,
          column_ruins_corridor_dead_end, column_ruins_grid_4,
          column_ruins_open_small, column_ruins_open_small,
          column_ruins_columns_corner, column_ruins_corridor_straight,
          column_ruins_corridor_straight, grunt_ministairs_8, kennysheep_path_1
D:10:     layout_roguey, item_on_display_a
Temple:   compressed_dpeg_triangle_lava_temple
Lair:1:   gammafunk_lair_enchanted_lake, layout_regular_city,
          serial_bayou_ford_a, columned_hall_lemuel, st_stairs_9,
          beast_lair_carwin_8, serial_bayou_shore_a, lemuel_fruit_fields
Lair:2:   layout_cave_pods, swamp_mist
Lair:3:   layout_long_grid, spider_nest_entry_funnel_web, serial_bayou_lake_a,
          infiniplex_staircase_pool, lemuel_fruit_tree, uniq_nessos, uniq_kirke,
          uniq_gastronok
Lair:4:   layout_misc_corridors, nicolae_slime_entry_slimehenge,
          serial_bayou_shore_b
Lair:5:   evilmike_catoblepas_cave, layout_cellular_growth, grunt_megastairs_4

Skill      XL: |  1  2  3  4  5  6  7  8  9 10 11 12 13 |
---------------+----------------------------------------+-----
Fighting       | 4 5 6 7 8 9 10 11 | 11.2
Maces & Flails | 3 4 5 6 8 9 11 12 13 | 13.9
Armour         | 4 5 6 7 8 9 10 11 | 11.2
Shields        | 4 5 6 7 9 10 | 10.9
Invocations    | 1 2 3 4 5 7 8 9 10 | 10.2

Action                     |  1- 3 |  4- 6 |  7- 9 | 10-12 | 13-15 || total
---------------------------+-------+-------+-------+-------+-------++-------
  Melee: Flail             |    70 |   158 |   327 |   373 |       ||   928
         Whip              |       |    17 |    84 |       |       ||   101
         Eveningstar       |       |       |       |   325 |   285 ||   610
 Invoke: Heroism           |       |       |     2 |     2 |     1 ||     5
         Receive Weapon    |       |       |       |     1 |       ||     1
         Receive Armour    |       |       |       |     1 |       ||     1
  Evoke: Wand              |       |       |     3 |     9 |     6 ||    18
    Use: Potion            |     1 |     3 |     2 |     1 |     1 ||     8
         Scroll            |       |       |    10 |     8 |     5 ||    23
   Stab: Petrified         |       |       |       |     3 |       ||     3
 Armour: Scale mail        |    63 |   132 |       |       |       ||   195
         Chain mail        |       |    15 |   389 |   605 |   350 ||  1359
  Dodge: Dodged            |    30 |    57 |    95 |   168 |    70 ||   420
  Block: Buckler           |     7 |    17 |       |       |       ||    24
         Tower shield      |       |    58 |   359 |   736 |   314 ||  1467

Table legend: (Time is in decaauts)
 A = Elapsed time spent in this place.
 B = Non-inter-level travel time spent in this place.
 C = Inter-level travel time spent in this place.
 D = Time resting spent in this place.
 E = Time spent auto-exploring this place.
 F = Levels seen in this place.
 G = Mean time per level.
                   A        B        C        D        E       F      G
               +--------+--------+--------+--------+--------+-----+--------+
         Total |  15598 |  15058 |    540 |   1874 |   9535 |  16 |  974.9 |
       Dungeon |  10797 |  10423 |    374 |   1392 |   6560 |  10 | 1079.7 |
        Temple |     41 |     25 |     16 |      0 |      0 |   1 |   41.0 |
          Lair |   4759 |   4609 |    150 |    482 |   2975 |   5 |  951.8 |
               +--------+--------+--------+--------+--------+-----+--------+

Top non-repeatable levels by time:
  Lair:1: 1658 daAuts
     D:8: 1317 daAuts
     D:3: 1298 daAuts
     D:4: 1289 daAuts
     D:5: 1238 daAuts
     D:9: 1223 daAuts
  Lair:4: 1048 daAuts
  Lair:2: 1042 daAuts
    D:10: 1015 daAuts
     D:6: 1002 daAuts
  Lair:3: 898 daAuts
     D:7: 854 daAuts
     D:1: 787 daAuts
     D:2: 770 daAuts
  Lair:5: 111 daAuts
